 Dungeon Crawl Stone Soup version 0.20.1-1-g8b1a95d (webtiles) character file.

2519 Peloso the Slasher (level 9, 0/67 (68) HPs)
             Began as a Demonspawn Fighter on Aug 3, 2017.
             Was an Initiate of Okawaru.
             Slain by a chaos spawn (14 damage)
             ... summoned by a kobold demonologist
             ... on level 6 of the Dungeon.
             The game lasted 00:18:29 (6210 turns).

Peloso the Slasher (Demonspawn Fighter)             Turns: 6210, Time: 00:18:30

HP:   0/67 (68)     AC: 21    Str: 21    XL:     9   Next: 29%
MP:   9/9           EV:  5    Int:  9    God:    Okawaru [......]
Gold: 442           SH: 13    Dex: 14    Spells: 8/8 levels left

rFire    + + .     SeeInvis .   a - +1 long sword
rCold    x . .     Gourm    +   q - +2 shield
rNeg     . . .     Faith    .   A - +0 plate armour
rPois    .         Spirit   .   (no helmet)
rElec    .         Reflect  .   G - +2 cloak
rCorr    .         Harm     .   p - +0 pair of gloves
MR       .....                  x - +3 pair of boots of Misanthropy {rF++ rC- Stlth+}
Stlth    +.........             v - amulet of the gourmand
Regen    0.3/turn               r - ring of stealth
MPRegen  0.2/turn               H - ring of flight

@: no status effects
A: claws 1, thin skeletal structure 1, nightstalker 1, spiny 2
a: Renounce Religion, Evoke Flight


You were on level 6 of the Dungeon.
You worshipped Okawaru.
Okawaru was noncommittal.
You were very full.

You visited 2 branches of the dungeon, and saw 9 of its levels.
You also visited: Ossuary.

You collected 480 gold pieces.
You spent 38 gold pieces at shops.

Inventory:

Hand Weapons
 a - a +1 long sword (weapon)
Armour
 p - a +0 pair of gloves (worn)
 q - a +2 shield (worn)
 x - the +3 pair of boots of Misanthropy (worn) {rF++ rC- Stlth+}
   (You found it on level 4 of the Dungeon)

   It greatly protects you from fire.
   It makes you vulnerable to cold.
   It makes you more stealthy.
 A - a +0 plate armour (worn)
 G - a +2 cloak (worn)
Jewellery
 r - a ring of stealth (left hand)
 v - an amulet of the gourmand (around neck)
 C - an uncursed amulet of harm
 H - a ring of flight (right hand)
Wands
 o - a wand of flame (9/48)
 I - a wand of lightning (7/15)
 J - a wand of flame (41/48)
Scrolls
 e - 15 scrolls of remove curse
 k - 2 scrolls of teleportation
 m - a scroll of amnesia
 w - a scroll of enchant armour
 y - a scroll of torment {unknown}
 D - 2 scrolls of blinking {unknown}
 E - a scroll of magic mapping
 F - a scroll of enchant weapon
Potions
 c - a potion of invisibility
 d - 2 potions of might
 i - 4 potions of curing
 j - 2 potions of magic
 l - 2 potions of brilliance
 n - a potion of heal wounds
 t - a potion of berserk rage {unknown}
 u - a potion of flight {unknown}
 z - 2 potions of mutation {unknown}
 B - 2 potions of haste
Comestibles
 f - 8 bread rations
 g - 6 fruits
 h - 2 meat rations
 s - 6 royal jellies


   Skills:
 + Level 5.1 Fighting
 + Level 7.6 Long Blades
 + Level 5.8 Armour
 + Level 0.6 Dodging
 + Level 1.3 Stealth
 + Level 6.4 Shields


You had 8 spell levels left.
You didn't know any spells.

Dungeon Overview and Level Annotations

Branches:
Dungeon (8/15)             Temple (1/1) D:7
   Lair: D:8-11

Altars:
Elyvilon
Gozag
Kikubaaqudgha
Nemelex Xobeh
Okawaru
Vehumet
Xom
Zin
The Shining One

Shops:
D:4 *   D:7 =

Annotations:
D:6 1 transporter


Innate Abilities, Weirdness & Mutations

You have sharp fingernails.
You have a somewhat thin skeletal structure. (Dex +2, Stealth)
You are slightly more attuned to the shadows.
You are mostly covered in sharp spines.


Message History

The shadow imp gestures at you.
You struggle to resist.
Why would you want to do that?
You fail to use your ability.
The kobold demonologist casts a cantrip, but nothing happens.
The orc priest mumbles some strange prayers to Beogh against you.
Pain shoots through your body!
The orc priest calls down the wrath of Beogh upon you.
Beogh smites you!
The shadow imp shouts, "Embrace submission, thou peaked toot-wallowing gudgeon!"
The kobold demonologist gestures wildly while chanting.
The shadow imp gestures at you. Pain shoots through your body!
The orc priest calls down the wrath of Beogh upon you.
You struggle to resist.
The chaos spawn is struck by your spines.
The chaos spawn gores you!
* * * LOW HITPOINT WARNING * * *
The chaos spawn sears you!
You die...

..###..##.#### #..#
...........# ##.##
...........##########..#
.####..................#
.####.###############..#
......#8≈#/.5o55K#P8#..##
......#P.#≈≈≈≈≈5≈#.P#...#
......#$?#..≈≈5.5#..#...#
....[.#©.+..≈⌠P4@'..#©..#
###...#$(#..P≈≈..#..#..##
#####.#P.#≈≈≈≈≈≈≈#.P#.##
......#8P#..5K5oo#P8#.#
......###############.#
##....................#
##..[..##....##########
....[.........#
..)...........#


You could see 2 kobold demonologists, a chaos spawn, 3 orc priests, a quasit, a
crimson imp and 6 shadow imps.

Vanquished Creatures
  A hornet (D:5)
  Duvessa (D:6)
  An ice beast (D:5)
  An orc warrior (D:7)
  A black bear (D:7)
  2 sky beasts
  An ogre (D:5)
  A necrophage (D:7)
  4 centaurs
  2 bullfrogs (D:7)
  Dowan (D:6)
  2 scorpions
  3 howler monkeys
  2 crimson imps
  2 centaur zombies
  A bullfrog skeleton (D:6)
  A bullfrog zombie (D:6)
  3 hounds
  A quasit (D:7)
  2 orc priests (D:7)
  A centaur skeleton (D:5)
  5 orc wizards
  3 worker ants (D:4)
  A hound skeleton (D:7)
  4 mummies (Ossuary)
  6 adders
  An ooze (D:7)
  An adder zombie (D:5)
  An adder skeleton (D:4)
  3 worms
  4 dart slugs
  6 leopard geckos
  26 orcs
  4 giant cockroaches
  A gnoll zombie (Ossuary)
  5 goblins
  5 hobgoblins
  8 jackals
  5 kobolds
  3 quokkas
  2 bats
  7 frilled lizards
  4 goblin zombies (Ossuary)
  A hobgoblin zombie (Ossuary)
  A jackal skeleton (D:4)
  A leopard gecko skeleton (D:6)
  A leopard gecko zombie (D:5)
  An orc zombie (Ossuary)
  6 rats
150 creatures vanquished.

Notes
Turn   | Place    | Note
-------+----------+-------------------------------------------
     0 | D:1      | Peloso the Demonspawn Fighter began the quest for the Orb.
     0 | D:1      | Reached XP level 1. HP: 18/18 MP: 1/1
   168 | D:1      | Gained mutation: You are partially covered in sharp spines. [demonic ancestry]
   168 | D:1      | Reached XP level 2. HP: 17/24 MP: 2/2
   178 | D:1      | Reached skill level 2 in Long Blades
   590 | D:1      | Gained mutation: You have a somewhat thin skeletal structure. (Dex +2, Stealth) [demonic ancestry]
   590 | D:1      | Reached XP level 3. HP: 29/29 MP: 3/3
  1142 | D:3      | Reached XP level 4. HP: 32/35 MP: 4/4
  1249 | D:3      | Reached skill level 3 in Long Blades
  1619 | D:3      | Gained mutation: You have sharp fingernails. [demonic ancestry]
  1619 | D:3      | Reached XP level 5. HP: 34/41 MP: 5/5
  1646 | D:3      | Found a faded altar of an unknown god.
  2168 | D:4      | Got a pair of shimmering boots
  2174 | D:4      | Identified the +3 pair of boots of Misanthropy {rF++ rC- Stlth+} (You found it on level 4 of the Dungeon)
  2182 | D:4      | Found Xuixoata's Assorted Antiques.
  2190 | D:4      | Bought a scroll labeled RINENAXIHI for 20 gold pieces
  2190 | D:4      | Bought a viscous coppery potion for 18 gold pieces
  2461 | D:4      | Found an opulent altar of Gozag.
  2809 | D:5      | Entered Level 5 of the Dungeon
  2834 | D:5      | Noticed a sky beast
  2843 | D:5      | Gained mutation: You are mostly covered in sharp spines. [demonic ancestry]
  2843 | D:5      | Reached XP level 6. HP: 46/48 MP: 6/6
  2848 | D:5      | Killed a sky beast
  2848 | D:5      | Reached skill level 4 in Long Blades
  3001 | D:5      | Found a sand-covered staircase.
  3005 | Ossuary  | Entered an ossuary
  3367 | D:5      | Reached XP level 7. HP: 44/54 MP: 7/7
  3484 | D:5      | Reached skill level 5 in Long Blades
  3493 | D:5      | Found a radiant altar of Vehumet.
  3925 | D:5      | Noticed a hornet
  3930 | D:5      | Killed a hornet
  3930 | D:5      | Gained mutation: You are slightly more attuned to the shadows. [demonic ancestry]
  3930 | D:5      | Reached XP level 8. HP: 58/61 MP: 8/8
  4198 | D:6      | Found a transporter.
  4198 | D:6      | Noticed a kobold demonologist
  4207 | D:6      | Found a transporter.
  4223 | D:6      | Reached skill level 6 in Long Blades
  4241 | D:6      | Noticed a kobold demonologist
  4247 | D:6      | Reached skill level 5 in Armour
  4261 | D:6      | Noticed Duvessa
  4265 | D:6      | Noticed Dowan
  4267 | D:6      | Killed Duvessa
  4267 | D:6      | Reached skill level 5 in Shields
  4273 | D:6      | Killed Dowan
  4317 | D:6      | Found a white marble altar of Elyvilon.
  4399 | D:6      | Found a shimmering altar of Xom.
  4781 | D:6      | Reached skill level 7 in Long Blades
  4828 | D:7      | Reached skill level 5 in Fighting
  4828 | D:7      | Reached XP level 9. HP: 46/67 MP: 9/9
  5063 | D:7      | Found a staircase to the Ecumenical Temple.
  5071 | Temple   | Entered the Ecumenical Temple
  5112 | Temple   | Became a worshipper of Warmaster Okawaru
  5161 | D:7      | Found Cairabat's Jewellery Emporium.
  5189 | D:7      | Reached skill level 1 in Stealth
  5816 | D:8      | Noticed a two-headed ogre
  5818 | D:8      | Noticed a two-headed ogre
  6210 | D:6      | Slain by a chaos spawn

Skill      XL: |  1  2  3  4  5  6  7  8  9 |
---------------+----------------------------+-----
Long Blades    | 2 3 4 5 7 |  7.6
Shields        | 3 4 5 6 |  6.4
Armour         | 3 4 5 |  5.8
Fighting       | 4 5 |  5.1
Stealth        | 1 |  1.3
Dodging        | |  0.6

Action                   |  1- 3 |  4- 6 |  7- 9 || total
-------------------------+-------+-------+-------++-------
Melee: Long sword        |    94 |   189 |   202 ||   485
Evoke: Wand              |       |       |     3 ||     3
  Use: Scroll            |     6 |    12 |     2 ||    20
       Potion            |       |       |     2 ||     2
 Stab: Sleeping          |       |     4 |       ||     4
  Eat: Chunk             |       |     7 |    21 ||    28
Armor: Scale mail        |    48 |    19 |       ||    67
       Plate armour      |       |    78 |   116 ||   194
Dodge: Dodged            |    21 |    33 |    28 ||    82
Block: Shield            |    40 |   107 |   161 ||   308
       Rpst.: Long sword |     9 |    10 |    10 ||    29
